 Dungeon Crawl Stone Soup version 0.19-a0-585-ge40200b (webtiles) character file.

888 Duffy the Cleaver (level 7, 0/58 HPs)
             Began as a Deep Dwarf Gladiator on June 10, 2016.
             Was a Follower of Makhleb.
             Slain by a troll (4 damage)
             ... on level 6 of the Dungeon.
             The game lasted 00:06:11 (4225 turns).

Duffy the Cleaver (Deep Dwarf Gladiator)            Turns: 4225, Time: 00:06:12

Health: 0/58       AC: 10    Str: 19    XL:     7   Next: 77%
Magic:  7/7        EV:  6    Int:  8    God:    Makhleb [*.....]
Gold:   270        SH:  3    Dex: 15    Spells: 0 memorised, 6 levels left

rFire  . . .     SeeInvis .     a - +0 war axe
rCold  . . .     Gourm    .     C - +0 chain mail
rNeg   . . .     Faith    .     F - -4 shield "Dugruuhy" {rElec} (curse)
rPois  +         Spirit   .     c - +0 helmet
rElec  +         Dismiss  .     (no cloak)
rCorr  .         Reflect  .     (no gloves)
SustAt +         Harm     +     (no boots)
MR     +....                    u - amulet of harm
Stlth  ..........               j - ring of poison resistance
                                i - ring of sustain attributes

@: non-regenerating, somewhat resistant to hostile enchantments, extremely
unstealthy
A: damage resistance, recharge devices, sense surroundings 1, slow regeneration
3
a: Device Recharging, Renounce Religion


You were on level 6 of the Dungeon.
You worshipped Makhleb.
Makhleb was aware of your devotion.
You were not hungry.

You visited 2 branches of the dungeon, and saw 8 of its levels.

You collected 270 gold pieces.


Innate Abilities, Weirdness & Mutations

You are resistant to damage.
You can recharge devices by infusing magical energy.
You passively map a small area around you.
You do not regenerate naturally.


   Skills:
 - Level 1.7 Fighting
 + Level 9.2 Axes
 - Level 1.7 Throwing
 + Level 4.3 Armour
 - Level 3.2 Dodging


You had 6 spell levels left.
You didn't know any spells.

Inventory:

Hand Weapons
 a - a +0 war axe (weapon)
Missiles
 d - 3 throwing nets (quivered)
 k - 5 tomahawks
 v - 54 poisoned needles
Armour
 b - a +0 leather armour
 c - a +0 helmet (worn)
 h - a +0 scale mail
 C - a +0 chain mail (worn)
 F - the cursed -4 shield "Dugruuhy" (worn) {rElec}

   It insulates you from electricity.
   It has a curse placed upon it.
Jewellery
 i - a ring of sustain attributes (left hand)
 j - a ring of poison resistance (right hand)
 u - an amulet of harm (around neck)
 y - a -3 ring of protection
 J - an uncursed ring of fire {unknown}
Wands
 e - a wand of heal wounds (1/9)
 t - a wand of disintegration (10/24)
Scrolls
 f - a scroll of enchant armour {unknown}
 g - a scroll of fog {unknown}
 n - a scroll of noise {unknown}
 p - a scroll of teleportation
 q - 4 scrolls of blinking
 r - a scroll of random uselessness {unknown}
 s - 2 scrolls of recharging {unknown}
 E - a scroll of immolation {unknown}
 G - a scroll of magic mapping {unknown}
Potions
 l - a potion of lignification
 m - a potion of resistance {unknown}
 w - 3 potions of flight
 x - a potion of mutation {unknown}
 z - a potion of berserk rage {unknown}
 A - a potion of brilliance {unknown}
 B - a potion of cure mutation {unknown}
 D - a potion of might {unknown}
 K - a potion of heal wounds {unknown}
Comestibles
 o - a meat ration
 H - 2 bread rations
 I - 2 chunks of flesh

Dungeon Overview and Level Annotations

Branches:
Dungeon (7/15)             Temple (1/1) D:4

Altars:
Ashenzari
Dithmenos
Elyvilon
Gozag
Hepliaklqana
Kikubaaqudgha
Makhleb
Okawaru
Pakellas
Ru
Sif Muna
Trog
Vehumet
Xom
Yredelemnul
Zin


Message History

An adder skeleton comes into view.
You block the adder skeleton's attack.
You hit the adder skeleton. You block the adder skeleton's attack.
The adder skeleton bites you but does no damage.
You hit the adder skeleton.
The adder skeleton bites you but does no damage.
You slash the adder skeleton!
You destroy the adder skeleton!
Makhleb accepts your kill.
You feel better.
No target in view!
No target in view!
No target in view!
No target in view!
No target in view!
No target in view!
No target in view!
q - 4 scrolls of blinking (gained 1)
A troll comes into view.
The troll shouts!
A troll is nearby!
You block the troll's attack. The troll claws you! The troll claws you.
You closely miss the troll. The troll bites you but does no damage.
The troll claws you but does no damage. The troll barely misses you.
The troll bites you. The troll claws you but does no damage.
The troll claws you.
You hit the troll.
The troll is lightly wounded.
The troll bites you. The troll claws you! The troll closely misses you.
You slash the troll!
The troll is heavily wounded.
The troll bites you.
The troll claws you but does no damage. x2
You are too injured to fight recklessly!
You are too injured to fight recklessly!
You are too injured to fight recklessly!
You are too injured to fight recklessly!
You are too injured to fight recklessly!
You are too injured to fight recklessly!
You are too injured to fight recklessly!
You are too injured to fight recklessly!
You are too injured to fight recklessly!
You are too injured to fight recklessly!
You are too injured to fight recklessly!
You are too injured to fight recklessly!
You are too injured to fight recklessly!
You are too injured to fight recklessly!
You closely miss the troll.
The troll is heavily wounded.
The troll bites you. The troll claws you! The troll claws you.
You die...

### * #.# , , ... *
#.#* , * * #.# #T# * *
#@# * #.# , , ,* #.# ,
* #.# , , ,
..#####.######*
.............##.......
#######.####.##.......
#.# #.##...... . #.#
#.##....# ..


You could see a troll.

Action                   |  1- 3 |  4- 6 |  7- 9 || total
-------------------------+-------+-------+-------++-------
Melee: War axe           |    89 |   107 |    83 ||   279
Evoke: Wand              |       |     3 |     1 ||     4
  Use: Scroll            |     3 |     3 |     1 ||     7
       Potion            |       |     1 |       ||     1
  Eat: Chunk             |     1 |     2 |     3 ||     6
       Bread ration      |       |     1 |       ||     1
Armor: Scale mail        |    35 |    15 |       ||    50
       Leather armour    |     2 |       |       ||     2
       Chain mail        |       |    29 |    60 ||    89
Dodge: Dodged            |    48 |    37 |    23 ||   108
Block: Shield            |       |     6 |    12 ||    18

Notes
Turn   | Place    | Note
--------------------------------------------------------------
     0 | D:1      | Duffy the Deep Dwarf Gladiator began the quest for the Orb.
     0 | D:1      | Reached XP level 1. HP: 19/19 MP: 1/1
   191 | D:1      | Reached XP level 2. HP: 26/26 MP: 2/2
   208 | D:1      | Reached skill level 4 in Axes
   711 | D:2      | Reached XP level 3. HP: 32/32 MP: 3/3
   854 | D:2      | Reached skill level 5 in Axes
  1116 | D:2      | Reached XP level 4. HP: 30/39 MP: 4/4
  1589 | D:3      | Reached skill level 6 in Axes
  1595 | D:3      | Reached XP level 5. HP: 14/45 MP: 5/5
  1675 | D:3      | Found a sacrificial altar of Ru.
  1772 | D:3      | You fall through a shaft for 2 floors!
  1772 | D:5      | Entered Level 5 of the Dungeon
  1772 | D:5      | Found a deep blue altar of Sif Muna.
  1774 | D:5      | Noticed a centaur
  1782 | D:5      | Killed a centaur
  1782 | D:5      | Reached skill level 7 in Axes
  1973 | D:5      | Got a crude shield
  1979 | D:5      | Identified the cursed -4 shield "Dugruuhy" {rElec} (You found it on level 5 of the Dungeon)
  1982 | D:4      | Found a staircase to the Ecumenical Temple.
  1990 | Temple   | Entered the Ecumenical Temple
  2217 | Temple   | Became a worshipper of Makhleb the Destroyer
  2236 | D:4      | Noticed an ogre
  2253 | D:4      | Killed an ogre
  2253 | D:4      | Reached XP level 6. HP: 24/52 MP: 6/6
  2391 | D:4      | Found a white marble altar of Elyvilon.
  2503 | D:4      | Reached skill level 1 in Armour
  2666 | D:3      | Noticed Ijyb
  2678 | D:3      | Killed Ijyb
  2678 | D:3      | Reached skill level 8 in Axes
  3116 | D:3      | Reached skill level 2 in Armour
  3163 | D:4      | You fall through a shaft for 3 floors!
  3171 | D:6      | Reached XP level 7. HP: 34/58 MP: 7/7
  3410 | D:4      | Reached * piety under Makhleb
  3504 | D:4      | Reached skill level 3 in Armour
  3993 | D:5      | Found an ancient bone altar of Kikubaaqudgha.
  4003 | D:5      | Reached skill level 9 in Axes
  4003 | D:5      | Reached skill level 4 in Armour
  4218 | D:6      | Noticed a troll
  4225 | D:6      | Slain by a troll

Skill      XL: |  1  2  3  4  5  6  7 |
---------------+----------------------+-----
Axes           | 4 5 6 7 8 9 |  9.2
Armour         | 2 4 |  4.3
Fighting       | |  1.7
Throwing       | |  1.7
Dodging        | |  3.2

Vault maps used:
D:1:      dpeg_arrival_arbitrary_b, minivault_23
D:2:      roderic_lattice_a
D:3:      marbit_many_paths, uniq_iyjb
D:4:      kennysheep_mini_moat, minmay_temple_entry_statues_pillars,
          minmay_misc_feat_cross
D:5:      nicolae_overflow_crystal_walls, kennysheep_vampire_church, first_bread
D:6:      nicolae_ru_the_path_less_chosen
D:7:      nicolae_overflow_hidden_temple, gammafunk_temple_overflow_statue
Temple:   eino_temple_water_12

Vanquished Creatures
  2 ogres
  A centaur
  A giant frog
  2 scorpions
  2 vampire bats
  A howler monkey
  2 orc wizards
  A hound
  2 iguanas Ijyb
  2 worker ants
  4 adders
  An adder zombie
  An adder skeleton
  A worm
  2 dart slugs
  3 giant geckos
  4 orcs
  3 ball pythons
  4 bat skeletons
  2 bat zombies
  4 giant cockroaches
  12 goblins
  5 hobgoblins
  8 jackals
  8 kobolds
  2 quokkas
  5 bats
  4 giant newts
  5 rats
95 creatures vanquished.
